Map: 2000 Atmospheres LE

Players

TerraN

  • Race: Terran Terran

JimRising - Winner!

  • Race: Zerg Zerg

Event: DreamHack SC2 Masters 2021 Winter

VOD

Have the link to the VOD?

Description

Time

  • Played on: Sept. 29, 2021, 3:43 p.m.
  • Length: 12:45

All games in this series

Show
View Real Time Build Order
Export as new Build Order

TerraN Terran 

Build Orders: Reaper Expand 

Get SALT Encoding   

  12  0:00  SCV  
  13  0:12  SCV  
  14  0:17  Supply Depot  
  14  0:24  SCV  
  15  0:39  SCV  
  15  0:40  Barracks  
  16  0:46  Refinery  
  16  0:51  SCV  
  17  1:03  SCV  
  18  1:15  SCV  
  19  1:28  Reaper  
  19  1:29  Orbital Command  
  20  1:40  Command Center  
  20  1:48  Supply Depot  
  20  1:54  SCV  
  20  2:00  Marine  
  22  2:07  SCV  
  23  2:12  Factory  
  23  2:19  SCV  
  24  2:23  Barracks Reactor  
  24  2:31  SCV  
  25  2:42  Command Center  
  25  2:43  SCV  
  26  2:53  Orbital Command  
  26  2:58  SCV  
  26  3:01  Barracks  
  27  3:09  Hellion  
  27  3:11  Hellion  
  31  3:18  SCV  
  32  3:21  Barracks Tech Lab  
  32  3:23  SCV  
  33  3:30  Hellion  
  33  3:32  Hellion  
  37  3:34  SCV  
  38  3:41  SCV  
  38  3:47  Stimpack, SCV  
  38  3:48  Marine  
  40  3:51  Starport  
  40  3:53  SCV  
  41  3:55  Orbital Command  
  41  3:58  Refinery  
  41  3:59  SCV  
  41  4:02  Marine x2  
  44  4:05  SCV  
  44  4:09  Marine  
  46  4:11  Factory Reactor, SCV  
  47  4:18  SCV  
  47  4:20  Marine x2  
  47  4:21  Factory Tech Lab  
  50  4:25  Supply Depot  
  50  4:27  Bunker  
  50  4:28  Marauder  
  52  4:38  Marine x2  
  54  4:40  Siege Tank  
  54  4:44  SCV x2  
  59  4:53  Marauder  
  60  5:00  Orbital Command, Marine  
  60  5:04  Supply Depot  
  60  5:05  Supply Depot  
  60  5:06  Supply Depot  
  61  5:14  Siege Tank, Marine  
  61  5:20  SCV  
  66  5:22  Marine x2  
  66  5:23  Starport Reactor  
  66  5:24  SCV  
  70  5:29  Supply Depot  
  70  5:32  SCV  
  71  5:36  SCV  
  71  5:41  Marine x2  
  57  5:45  SCV  
  57  5:46  Marine  
  57  5:48  SCV  
  57  5:49  Orbital Command  
  60  5:50  Siege Tank  
  60  5:57  SCV  
  60  5:59  Marine  
  60  6:00  SCV  
  55  6:07  Marine  
  55  6:09  SCV  
  52  6:13  SCV, Marine  
  52  6:16  SCV  
  52  6:17  Marine  
  56  6:21  SCV  
  56  6:22  Medivac x2  
  56  6:25  SCV  
  62  6:29  SCV  
  62  6:30  Engineering Bay  
  63  6:33  SCV  
  63  6:35  Supply Depot  
  63  6:37  SCV  
  59  6:41  SCV  
  59  6:42  Engineering Bay  
  59  6:44  Engineering Bay, Marine x3  
  59  6:45  SCV  
  64  6:49  SCV  
  65  6:57  Supply Depot  
  65  6:59  Refinery  
  65  7:00  Refinery  
  65  7:02  Marine x3  
  65  7:04  Barracks  
  65  7:06  Combat Shield  
  68  7:10  Starport Reactor  
  68  7:14  SCV x2  
  71  7:16  Orbital Command, Terran Infantry Weapons Level 1  
  71  7:19  Marine  
  71  7:20  Marine x2  
  73  7:28  Barracks  
  71  7:30  Barracks  
  71  7:37  Marine x2  
  71  7:38  SCV x2  
  71  7:39  Marine  
  71  7:40  Terran Infantry Armor Level 1  
  71  7:41  Factory Reactor  
  76  7:47  SCV  
  76  7:50  SCV x2  
  79  7:53  Marine x2  
  79  7:55  Marine x2  
  79  7:57  Marine  
  84  7:59  SCV  
  84  8:01  Medivac x2  
  84  8:02  SCV  
  90  8:06  SCV  
  90  8:11  SCV, Marine x2  
  90  8:12  Supply Depot  
  94  8:13  Supply Depot, Marine x2  
  94  8:14  Marine  
  94  8:15  SCV  
  94  8:16  Barracks Reactor  
  94  8:17  Barracks Reactor  
  94  8:18  SCV  
  99  8:20  Widow Mine x2  
  99  8:23  SCV  
  99  8:25  Factory  
  104  8:31  SCV  
  104  8:32  Marine x3  
  104  8:34  Sensor Tower  
  108  8:37  Medivac, Marine x2  
  112  8:41  Widow Mine  
  112  8:45  SCV x2  
  116  8:49  Marine  
  116  8:50  Marine x2  
  116  8:55  Supply Depot, Marine  
  120  9:00  Marine x2  
  122  9:03  Marine x2  
  122  9:08  Armory  
  124  9:16  Marine x4  
  124  9:17  Marine  
  128  9:20  Widow Mine x3, Command Center  
  132  9:29  Marine x2  
  134  9:35  Refinery, Marine  
  134  9:36  Refinery, Marine x6  
  141  9:42  Widow Mine  
  141  9:45  Widow Mine  
  140  9:48  Marine x2  
  137  9:53  Marine x2  
  113  10:00  Marine x2  
  113  10:01  Marauder, Marine  
  110  10:07  Marine x3  
  110  10:09  Widow Mine x2  
  110  10:11  Marine x2  
  119  10:18  Command Center, Marine x3  
  122  10:22  Marine  
  122  10:25  Marine x3  
  124  10:29  Marine x2  
  102  10:36  Marine x3  
  102  10:39  Marine  
  98  10:43  Widow Mine x2, Marine x3  
  98  10:47  Marine x2  
  104  10:54  Marine x3  
  98  10:57  Marine  
  98  10:58  Drilling Claws  
  98  11:01  Widow Mine, Marine x3  
  104  11:04  Widow Mine, Marine  
  104  11:05  Marine  
  104  11:06  SCV x3  
  111  11:12  Marine x2  
  111  11:15  Marine  
  111  11:18  SCV x2  
  114  11:21  Sensor Tower  
  114  11:22  Marine x2  
  114  11:24  Marine x2  
  114  11:25  Bunker  
  118  11:26  Marine x2  
  118  11:28  Supply Depot  
  118  11:30  Widow Mine x2  
  124  11:35  Marine  
  124  11:36  Marine x2  
  112  11:40  Marine x2  
  112  11:42  Marine  
  112  11:45  Marine  
  112  11:46  Marine  
  112  11:47  Marine  
  102  11:52  Marine  
  102  11:53  Marine  
  102  11:54  Marine  
  85  11:58  Marine x2  
  85  12:00  Marine  
  72  12:03  Marine  
  72  12:04  Marine  
  72  12:06  Marine  
  72  12:10  Marine  
  72  12:14  Marine  
  74  12:21  Marine  
Show
View Real Time Build Order
Export as new Build Order

JimRising Zerg - Winner!

Build Orders: Hatch First 

Get SALT Encoding   

  12  0:00  Drone  
  13  0:13  Overlord  
  13  0:17  Drone  
  14  0:31  Drone x2  
  16  0:50  Hatchery  
  16  0:53  Drone  
  16  0:57  Drone  
  16  1:00  Drone  
  18  1:06  Extractor  
  17  1:18  Spawning Pool  
  17  1:24  Drone x2  
  18  1:29  Drone  
  19  1:42  Drone  
  20  1:50  Overlord  
  20  2:05  Queen x2  
  20  2:06  Zergling x4  
  26  2:10  Metabolic Boost  
  26  2:13  Drone  
  27  2:17  Drone  
  27  2:22  Drone  
  29  2:25  Drone  
  30  2:33  Drone  
  31  2:38  Drone  
  31  2:43  Queen  
  34  2:47  Roach Warren, Overlord  
  33  2:53  Drone  
  34  3:00  Overlord  
  34  3:13  Drone  
  34  3:14  Drone x7  
  42  3:23  Overlord  
  42  3:26  Overlord  
  42  3:36  Hatchery  
  41  3:43  Roach x2  
  41  3:47  Roach  
  41  3:48  Roach  
  49  3:52  Extractor, Roach x2  
  49  3:55  Roach  
  54  3:58  Roach  
  54  4:01  Overlord  
  56  4:04  Roach  
  56  4:09  Drone  
  60  4:10  Drone  
  60  4:11  Overlord  
  60  4:17  Roach  
  60  4:18  Zergling x4  
  60  4:22  Zergling x4  
  66  4:26  Zergling x2  
  66  4:27  Zergling x4  
  66  4:30  Zergling x2  
  70  4:33  Zergling x4  
  70  4:34  Ravager  
  73  4:42  Zergling x4  
  73  4:53  Drone  
  73  4:54  Drone x2  
  73  4:56  Ravager  
  73  4:57  Ravager, Drone x2  
  73  4:58  Drone x4  
  84  5:01  Drone  
  85  5:11  Drone x3  
  88  5:17  Drone  
  89  5:23  Evolution Chamber  
  89  5:24  Drone x2  
  89  5:26  Evolution Chamber  
  89  5:29  Overlord, Drone  
  89  5:30  Overlord x3  
  89  5:32  Overlord  
  78  5:43  Zergling x8  
  78  5:44  Zergling x8  
  78  5:46  Ravager  
  78  5:49  Zerg Ground Armor Level 1  
  85  5:55  Zergling x6  
  88  6:00  Zergling x6  
  69  6:13  Drone x3  
  69  6:16  Zerg Melee Weapons Level 1  
  72  6:19  Drone x5  
  72  6:23  Extractor, Queen  
  72  6:25  Hatchery  
  77  6:26  Drone x4  
  78  6:39  Zergling x8  
  71  6:43  Drone  
  71  6:44  Roach, Hatchery  
  71  6:45  Roach x2  
  71  6:46  Zergling x2  
  78  6:47  Lair  
  78  6:51  Zergling x2, Baneling Nest  
  78  6:52  Zergling x4  
  80  6:59  Zergling x10  
  85  7:02  Zergling x2  
  85  7:07  Zergling x4  
  85  7:08  Ravager x2  
  89  7:13  Extractor, Drone x3  
  89  7:14  Zergling x2  
  93  7:18  Zergling x2  
  93  7:19  Zergling x6  
  93  7:21  Ravager  
  98  7:26  Overlord  
  97  7:31  Overlord x3  
  97  7:34  Drone x2  
  97  7:36  Queen  
  99  7:37  Drone x2  
  99  7:41  Overlord  
  99  7:42  Zergling x6  
  106  7:51  Zerg Ground Armor Level 2  
  106  7:56  Extractor, Drone  
  106  7:57  Drone x3, Centrifugal Hooks  
  109  8:01  Zergling x2  
  109  8:02  Zergling x14  
  117  8:08  Baneling x2  
  117  8:09  Baneling x3  
  117  8:13  Zergling x12  
  117  8:18  Overlord x4  
  123  8:20  Drone x5  
  123  8:25  Zerg Melee Weapons Level 2  
  128  8:27  Baneling x2  
  128  8:28  Baneling  
  128  8:30  Zergling x8  
  128  8:31  Zergling x4  
  128  8:33  Zergling x4  
  136  8:36  Drone x2  
  136  8:37  Drone  
  136  8:40  Overlord  
  139  8:41  Zergling x2  
  139  8:42  Zergling x8  
  144  8:48  Zergling x2  
  144  8:49  Zergling x10  
  144  8:50  Baneling  
  144  8:51  Baneling x8  
  144  8:52  Baneling  
  151  8:55  Drone  
  151  8:56  Drone x3  
  151  8:57  Extractor  
  151  9:02  Zergling x8  
  157  9:03  Zergling x6, Baneling  
  157  9:04  Baneling x2  
  157  9:05  Baneling x2  
  157  9:06  Baneling x2  
  157  9:07  Baneling  
  157  9:08  Zergling x4  
  162  9:15  Zergling x14  
  168  9:27  Zergling x12  
  168  9:28  Zergling x8, Baneling  
  168  9:29  Baneling x7  
  173  9:44  Zergling x18  
  172  9:48  Hatchery  
  172  9:50  Zergling x6  
  172  9:51  Zergling x6  
  167  9:53  Zergling x2  
  122  10:00  Zergling x2  
  122  10:01  Zergling x4  
  122  10:05  Baneling x5  
  122  10:06  Baneling  
  116  10:08  Zergling x14  
  116  10:09  Zergling x4  
  116  10:10  Baneling x9  
  116  10:11  Baneling  
  122  10:14  Zergling x6  
  122  10:16  Baneling x4  
  122  10:17  Baneling x2  
  122  10:18  Zergling x2  
  125  10:21  Zergling x2  
  125  10:25  Zergling x6  
  129  10:32  Zergling x4  
  129  10:35  Zergling x6  
  116  10:37  Zergling x8  
  116  10:38  Zergling x2  
  116  10:40  Zergling x10  
  122  10:43  Zergling x2  
  122  10:45  Zergling x4  
  122  10:47  Overseer  
  120  10:54  Zergling x12  
  120  10:55  Zergling x4  
  122  10:59  Drone x3  
  122  11:01  Baneling x5  
  122  11:02  Baneling x10  
  122  11:03  Zergling x2  
  126  11:04  Roach  
  126  11:09  Zergling x6  
  131  11:15  Baneling x3  
  131  11:16  Baneling  
  131  11:18  Zergling x4  
  131  11:19  Zergling x16  
  131  11:24  Drone x4  
  145  11:25  Zergling x4  
  145  11:28  Zergling x4  
  144  11:44  Zergling x2  
  144  11:45  Zergling x40  
  144  11:46  Zergling x2  
  149  11:53  Zergling x6  
  144  11:54  Zergling x4  
  144  11:57  Zergling x2  
  144  11:58  Zergling x6  
  140  12:04  Baneling  
  140  12:05  Baneling x7  
  135  12:10  Zergling x12  
  135  12:11  Zergling x4  
  142  12:16  Baneling x2  
  142  12:23  Baneling x8  
  142  12:24  Baneling x7, Zergling x6  
  142  12:25  Zergling x4  
  142  12:29  Baneling x5  
  147  12:30  Ravager  
  147  12:34  Hatchery  

Tags
 
Add a new tag
Caveats
  • Supply blocks, unpowered buildings, or Contaminate may cause inaccurate times.
  • Supply counts are checked every 10 seconds.